 Dungeon Crawl Stone Soup version 0.26.0-11-g8f856b5395 (webtiles) character file.

Game seed: 7210779664385597386

101 Myro the Chopper (level 4, 0/39 HPs)
             Began as a Hill Orc Monk on Jan 14, 2021.
             Slain by Grinder (2 damage)
             ... while paralysed by Grinder
             ... on level 3 of the Dungeon.
             The game lasted 00:03:49 (2304 turns).

Myro the Chopper (Hill Orc Monk)                    Turns: 2304, Time: 00:03:49

Health: 0/39       AC: 10    Str: 14    XL:     4   Next: 75%
Magic:  4/4        EV:  2    Int: 10    God:
Gold:   94         SH:  0    Dex: 13    Spells: 3/3 levels left

rFire    . . .     SeeInvis .   a - +0 hand axe
rCold    . . .     Faith    .   b - -1 buckler (curse)
rNeg     . . .     Spirit   .   f - +0 chain mail
rPois    .         Reflect  .   (no helmet)
rElec    .         Harm     .   (no cloak)
rCorr    .         Rampage  .   k - +0 pair of gloves
Will     .....                  c - +0 pair of boots
Stlth    ..........             (no amulet)
HPRegen  0.13/turn              (no ring)
MPRegen  0.09/turn              (no ring)

@: paralysed
A: no striking features
a: no special abilities


You were on level 3 of the Dungeon.
You visited 1 branch of the dungeon, and saw 3 of its levels.

You collected 94 gold pieces.

Inventory:

Hand Weapons
 a - a +0 hand axe (weapon)
Armour
 b - a cursed -1 buckler (worn)
 c - a +0 pair of boots (worn)
 f - a +0 chain mail (worn)
 k - a +0 pair of gloves (worn)
 o - a +0 tower shield
Wands
 r - a wand of flame (12)
Scrolls
 d - 5 scrolls of identify {unknown}
 e - a scroll of immolation {unknown}
 j - a scroll of noise {unknown}
 l - a scroll of magic mapping {unknown}
 n - a scroll of amnesia {unknown}
Potions
 g - 4 potions of lignification {unknown}
 h - a potion of mutation {unknown}
 i - a potion of curing {unknown}
 m - a potion of degeneration {unknown}
 p - a potion of might {unknown}


   Skills:
 - Level 3.6 Fighting
 + Level 7.1 Axes
 - Level 2.4 Dodging
 - Level 1.5 Stealth


You had 3 spell levels left.
You didn't know any spells.
Your spell library was empty.

Dungeon Overview and Level Annotations

Branches:
Dungeon (3/15)

Altars:

Annotations:
D:3 Grinder


Message History

Grinder blinks!
Grinder gestures at you. Pain shoots through your body!
* * * LOW HITPOINT WARNING * * *
There is a stone staircase leading up here.
Unknown command.
You closely miss Grinder.
Grinder is heavily wounded.
Grinder gestures at you.
You suddenly lose the ability to move!
Grinder hits you but does no damage. Grinder gestures at you.
You resist with significant effort. Grinder gestures at you.
Pain shoots through your body!
* * * LOW HITPOINT WARNING * * *
Grinder hits you.
* * * LOW HITPOINT WARNING * * *
You writhe in agony.
You die...

#.#.# #..#....
#.#.#.####.......
#.#..............
#.#...##.#..#...#
#.###.#.....†...#...#
#.........##..†.#....
######.#.#.#.........#
#....#.#.#.#.#....#...
###...5@.(....(.........
#........(...#.#........
##...^.(.#....(......[..
.....##..................
##...#
#...#...#(........$ #.#.
#..................
#.#.#.....(.......... # #
###((.(.........
#........##..


You could see Grinder.

Vanquished Creatures
  Terence (D:2)
  3 adders (D:2)
  2 oozes
  2 dart slugs (D:1)
  3 giant cockroaches
  5 goblins
  4 hobgoblins
  7 bats
  A frilled lizard (D:1)
  8 kobolds
  7 rats
43 creatures vanquished.

Notes
Turn   | Place    | Note
-------+----------+-------------------------------------------
     0 | D:1      | Myro the Hill Orc Monk began the quest for the Orb.
     0 | D:1      | Reached XP level 1. HP: 19/19 MP: 1/1
   214 | D:1      | Reached XP level 2. HP: 26/26 MP: 2/2
   560 | D:1      | Reached skill level 5 in Axes
   896 | D:2      | Reached XP level 3. HP: 19/31 MP: 3/3
  1243 | D:2      | Reached skill level 6 in Axes
  1278 | D:2      | Noticed Terence
  1298 | D:2      | Killed Terence
  1299 | D:2      | Reached XP level 4. HP: 25/39 MP: 4/4
  1766 | D:2      | Reached skill level 7 in Axes
  1815 | D:3      | Noticed Grinder
  1821 | D:3      | Paralysed by Grinder for 6 turns
  1988 | D:3      | Paralysed by Grinder for 5 turns
  1998 | D:3      | Paralysed by Grinder for 7 turns
  2012 | D:3      | Paralysed by Grinder for 2 turns
  2019 | D:3      | Paralysed by Grinder for 6 turns
  2029 | D:3      | Paralysed by Grinder for 7 turns
  2300 | D:3      | Paralysed by Grinder for 6 turns
  2304 | D:3      | Slain by Grinder

Illustrated notes

Levels and vault maps discovered:
D:1:      matt_arrival_spirals, layout_loops_ring, minmay_pentomino_s2
D:2:      layout_basic, uniq_terence
D:3:      layout_basic, grunt_ministairs_2, uniq_grinder

Skill      XL: |  1  2  3  4 |
---------------+-------------+-----
Axes           | 5 6 7 |  7.1
Fighting       | |  3.6
Dodging        | |  2.4
Stealth        | |  1.5

Action                   |  1- 3 |  4- 6 || total
-------------------------+-------+-------++-------
Melee: Hand axe          |   120 |    83 ||   203
Throw: Dart              |       |    13 ||    13
 Stab: Sleeping          |     1 |       ||     1
Armor: Robe              |    16 |       ||    16
       Chain mail        |    31 |    54 ||    85
Dodge: Dodged            |    60 |    17 ||    77
Block: Buckler           |     4 |     7 ||    11
